Map: Port Aleksander LE

Players

ShoWTimE

  • Race: Protoss Protoss
  • League: Grandmaster
  • Spawn Location: 11:00

Reynor - Winner!

  • Race: Zerg Zerg
  • League: Master
  • Spawn Location: 5:00

Event: 2019 WCS Winter Europe

VOD

Have the link to the VOD?

Description

Time

  • Played on: March 23, 2019, 10:37 a.m.
  • Length: 15:48

All games in this series

Show
View Real Time Build Order
Export as new Build Order

ShoWTimE Protoss 

Build Orders: 1 Gate Expand, Phoenix Opening, Chargelot Immortal 

Get SALT Encoding   

  12  0:00  Probe  
  13  0:12  Probe  
  14  0:20  Pylon  
  14  0:24  Probe  
  15  0:34  Probe  
  15  0:42  Probe  
  16  0:43  Gateway  
  16  0:47  Assimilator  
  17  0:52  Probe  
  18  1:04  Probe  
  19  1:17  Probe  
  20  1:27  Nexus  
  20  1:36  Cybernetics Core  
  20  1:40  Probe  
  20  1:44  Assimilator  
  21  1:52  Probe  
  22  1:55  Pylon  
  22  2:04  Probe, Adept  
  25  2:16  Probe  
  25  2:19  Stargate  
  26  2:24  Stalker, Warp Gate  
  26  2:28  Probe  
  29  2:38  Probe  
  29  2:40  Probe  
  31  2:46  Probe  
  31  2:47  Pylon  
  32  2:53  Probe  
  32  2:56  Probe  
  32  2:57  Phoenix  
  36  3:06  Probe  
  36  3:08  Probe  
  38  3:18  Probe  
  39  3:20  Probe, Gateway  
  40  3:30  Probe  
  44  3:39  Twilight Council  
  44  3:40  Robotics Facility  
  41  3:47  Gateway  
  41  3:49  Gateway  
  41  3:51  Charge  
  41  3:54  Gateway  
  41  3:56  Gateway  
  41  4:03  Gateway  
  41  4:08  Gateway  
  41  4:12  Pylon  
  41  4:18  Warp Prism  
  41  4:21  Adept  
  43  4:26  Pylon  
  45  4:31  Adept  
  45  4:38  Pylon  
  47  4:44  Zealot x3  
  53  4:48  Zealot  
  53  4:50  Pylon  
  55  5:03  Pylon  
  55  5:17  Zealot x6  
  55  5:18  Zealot  
  55  5:20  Zealot  
  65  5:41  Sentry x2  
  65  5:42  Zealot x5  
  77  5:51  Pylon  
  77  5:58  Sentry  
  73  6:12  Zealot x3  
  73  6:13  Zealot x4  
  67  6:35  Zealot x5  
  67  6:36  Zealot x3  
  67  6:39  Warp Prism  
  61  6:51  Probe x2  
  63  6:57  Zealot x3  
  61  7:13  Zealot x5  
  69  7:21  Zealot x2  
  69  7:22  Zealot  
  75  7:28  Pylon  
  75  7:38  Sentry x2  
  75  7:39  Zealot x3  
  75  7:42  Zealot  
  75  7:44  Zealot  
  89  7:51  Pylon  
  89  8:01  Immortal  
  89  8:04  Zealot x3  
  85  8:15  Probe x2  
  87  8:26  Assimilator  
  87  8:27  Probe x2  
  87  8:29  Assimilator  
  89  8:35  Immortal  
  89  8:40  Probe x2  
  95  9:02  Immortal  
  95  9:06  Pylon  
  95  9:07  Zealot, Pylon  
  101  9:25  Nexus  
  101  9:27  Pylon  
  101  9:30  Immortal  
  101  9:39  Zealot x4  
  101  9:40  Sentry  
  101  9:41  Sentry  
  107  9:55  Templar Archives  
  107  9:59  Adept x2  
  111  10:03  Stalker  
  111  10:05  Immortal  
  113  10:07  Pylon  
  117  10:22  Zealot  
  119  10:30  Zealot x3  
  125  10:37  High Templar  
  125  10:38  High Templar  
  125  10:42  Zealot  
  131  10:43  Archon  
  131  10:44  Observer  
  131  10:46  Probe x3  
  135  10:59  Pylon  
  135  11:03  Pylon  
  138  11:05  Pylon  
  135  11:11  Zealot x4  
  135  11:16  Zealot  
  145  11:20  Zealot  
  145  11:24  Zealot  
  149  11:26  Zealot  
  149  11:32  Zealot  
  153  11:33  Zealot  
  153  11:37  Zealot  
  157  11:40  Zealot  
  157  11:41  Zealot  
  157  11:46  Zealot  
  155  11:47  Psionic Storm  
  155  11:53  Forge  
  155  12:00  High Templar  
  157  12:02  High Templar  
  157  12:03  High Templar  
  157  12:04  Phoenix, High Templar  
  163  12:10  Phoenix x2, Assimilator  
  165  12:21  Shield Battery  
  165  12:22  Phoenix  
  165  12:23  Protoss Ground Weapons Level 1, Shield Battery  
  165  12:26  Assimilator, Shield Battery  
  167  12:42  Stalker x2  
  171  12:46  Phoenix  
  168  12:57  Probe x3  
  164  13:09  Phoenix  
  164  13:12  Immortal  
  170  13:17  Zealot  
  156  13:26  Phoenix  
  151  13:27  High Templar  
  151  13:28  High Templar  
  151  13:32  Archon  
  155  13:40  Zealot  
  159  13:41  Sentry  
  159  13:42  Sentry  
  161  13:49  Zealot x2  
  161  13:51  Phoenix  
  163  13:58  Probe x3  
  163  14:02  High Templar x2  
  170  14:08  Zealot, Phoenix  
  172  14:10  Probe  
  173  14:21  Cybernetics Core  
  173  14:30  Pylon  
  173  14:36  Observer, Pylon  
  130  14:52  Phoenix  
  100  15:17  Phoenix  
  97  15:26  Zealot x5  
  80  15:32  Zealot  
  62  15:36  Archon  
  62  15:39  Zealot  
Show
View Real Time Build Order
Export as new Build Order

Reynor Zerg - Winner!

Build Orders: Hatch First 

Get SALT Encoding   

  12  0:00  Drone  
  13  0:13  Overlord  
  13  0:18  Drone  
  14  0:31  Drone  
  14  0:32  Drone  
  16  0:49  Hatchery  
  15  0:52  Drone  
  15  0:56  Drone  
  17  1:00  Drone  
  18  1:10  Extractor  
  17  1:15  Spawning Pool  
  16  1:19  Drone  
  16  1:22  Drone  
  18  1:29  Drone  
  20  1:40  Drone  
  20  1:51  Drone  
  21  2:01  Overlord  
  21  2:04  Queen  
  21  2:05  Queen  
  25  2:11  Drone  
  25  2:12  Drone  
  29  2:22  Zergling x4  
  29  2:23  Metabolic Boost  
  29  2:33  Drone  
  30  2:41  Drone  
  31  2:45  Zergling x2  
  31  2:47  Overlord  
  32  2:55  Drone x2  
  34  2:59  Hatchery  
  34  3:03  Queen  
  35  3:06  Drone  
  35  3:07  Drone  
  37  3:14  Drone x3  
  37  3:15  Drone x2  
  37  3:18  Drone  
  37  3:19  Drone  
  44  3:24  Overlord  
  44  3:33  Overlord  
  44  3:43  Overlord  
  44  3:47  Spore Crawler  
  44  3:48  Drone  
  44  3:50  Spore Crawler  
  44  3:51  Queen, Drone x5  
  50  3:59  Drone  
  50  4:01  Drone  
  52  4:13  Drone x5  
  52  4:14  Spore Crawler, Queen  
  58  4:18  Overlord, Drone  
  58  4:19  Drone  
  58  4:22  Drone  
  58  4:23  Drone  
  62  4:31  Zergling x4  
  64  4:32  Lair  
  64  4:35  Extractor  
  64  4:37  Extractor  
  64  4:38  Roach Warren  
  61  4:39  Zergling x4  
  61  4:40  Zergling x2  
  61  4:42  Drone  
  61  4:44  Zergling x2  
  61  4:45  Zergling x4  
  66  4:48  Drone  
  66  4:50  Overlord  
  68  5:01  Drone  
  68  5:02  Drone x2  
  68  5:04  Overlord  
  71  5:16  Overlord  
  71  5:17  Roach x5  
  71  5:19  Overlord  
  81  5:23  Overlord  
  81  5:25  Roach  
  81  5:27  Overlord  
  81  5:28  Roach x2  
  81  5:29  Roach  
  81  5:32  Roach x2, Spine Crawler  
  90  5:38  Roach x3  
  90  5:41  Roach  
  94  5:45  Ravager  
  94  5:46  Roach  
  94  5:47  Zergling x10  
  100  5:52  Roach  
  100  5:53  Zergling x2  
  100  5:57  Roach  
  100  6:03  Roach x2  
  100  6:04  Zergling x2  
  98  6:11  Drone x2  
  98  6:15  Roach  
  89  6:27  Roach  
  89  6:28  Roach x3  
  89  6:32  Roach  
  89  6:36  Roach  
  89  6:39  Roach  
  86  6:43  Roach x2  
  86  6:46  Roach  
  78  6:50  Roach  
  69  7:00  Queen  
  67  7:03  Roach x2  
  67  7:04  Drone x2  
  67  7:05  Drone  
  67  7:08  Roach  
  76  7:10  Roach  
  76  7:12  Drone  
  76  7:14  Roach  
  81  7:16  Drone  
  81  7:19  Roach  
  84  7:26  Queen  
  84  7:28  Roach x2  
  90  7:32  Overlord  
  90  7:35  Drone  
  91  7:38  Glial Reconstitution  
  91  7:41  Queen  
  93  7:45  Roach  
  93  7:48  Roach x2  
  99  7:55  Roach x2  
  103  8:00  Roach  
  100  8:10  Roach x4  
  102  8:14  Roach  
  102  8:16  Overlord  
  104  8:24  Overlord  
  104  8:35  Roach  
  104  8:37  Overseer  
  106  8:42  Roach x4  
  114  8:48  Overlord  
  114  8:51  Overlord  
  114  8:56  Evolution Chamber  
  114  8:57  Overlord  
  114  9:01  Drone  
  114  9:02  Overlord  
  114  9:06  Overlord  
  114  9:08  Drone x8  
  122  9:14  Roach  
  124  9:17  Roach x3  
  124  9:23  Ravager x4  
  134  9:26  Zergling x8  
  136  9:33  Roach x3  
  140  9:42  Roach x3  
  140  9:45  Overlord  
  144  9:49  Roach x2  
  144  9:51  Zergling x8  
  152  9:57  Overlord  
  152  9:58  Extractor  
  151  10:02  Ravager, Zergling x4  
  156  10:07  Roach x2  
  156  10:11  Extractor, Drone  
  158  10:15  Zerg Missile Weapons Level 1  
  158  10:16  Drone  
  158  10:17  Roach, Extractor  
  158  10:21  Drone x2  
  162  10:24  Overlord  
  162  10:29  Overlord  
  162  10:30  Overlord  
  162  10:36  Overlord  
  162  10:43  Drone x3, Spire  
  162  10:45  Drone x4  
  162  10:46  Drone x2  
  170  10:56  Roach x2  
  174  10:57  Drone  
  175  11:10  Overlord  
  175  11:12  Hatchery  
  174  11:21  Roach x7  
  174  11:23  Overlord  
  187  11:31  Overlord  
  187  11:35  Roach x2  
  187  11:36  Overlord  
  193  11:54  Mutalisk x5, Spine Crawler x2  
  184  11:56  Hatchery  
  184  11:57  Mutalisk  
  184  12:00  Mutalisk  
  193  12:03  Mutalisk  
  193  12:07  Mutalisk  
  197  12:12  Ravager x2  
  197  12:13  Ravager  
  200  12:21  Zerg Missile Weapons Level 2  
  190  13:19  Mutalisk x10  
  178  13:25  Mutalisk  
  196  13:30  Spore Crawler  
  196  13:31  Drone x3  
  196  13:32  Drone x2  
  200  13:34  Zerg Flyer Weapons Level 1  
  200  13:49  Mutalisk  
  186  13:56  Mutalisk x3  
  186  13:58  Zergling x16  
  186  14:00  Extractor  
  186  14:01  Extractor, Spine Crawler x2  
  186  14:02  Spine Crawler  
  191  14:03  Roach x4, Spine Crawler  
  191  14:08  Mutalisk  
  200  14:14  Roach  
  200  14:25  Baneling Nest  
  180  14:53  Roach x11  
  191  15:13  Roach x6  
  179  15:26  Roach  
  179  15:27  Roach x8  
Tags
 
Add a new tag
Caveats
  • Supply blocks, unpowered buildings, or Contaminate may cause inaccurate times.
  • Supply counts are checked every 10 seconds.